 Dungeon Crawl Stone Soup version 0.25.0-1-g7eea58d2a3 (webtiles) character file.

Game seed: 6080787935012711512

7076 LSt the Whirler (level 11, -1/75 HPs)
             Began as a Halfling Air Elementalist on June 14, 2020.
             Was a High Priest of Cheibriados.
             Slain by an orc knight
             ... wielding the cursed +0 great mace "Giutysog" {flame, Dex+4}
              (6 damage)
             ... in a bailey.
             The game lasted 02:03:32 (15279 turns).

LSt the Whirler (Halfling Air Elementalist)        Turns: 15279, Time: 02:03:32

Health: -1/75      AC: 13    Str: 24    XL:     11   Next: 30%
Magic:  15/15      EV: 14    Int: 25    God:    Cheibriados [*****.]
Gold:   753        SH:  5    Dex: 28    Spells: 10/13 levels left

rFire    . . .     SeeInvis .   b - +0 mace (holy)
rCold    + . .     Gourm    .   (shield restricted)
rNeg     . . .     Faith    .   r - +2 plate armour {rC+}
rPois    +         Spirit   .   e - +0 helmet
rElec    .         Reflect  +   (no cloak)
rCorr    .         Harm     .   (no gloves)
MR       .....                  (no boots)
Stlth    ..........             l - amulet of reflection
HPRegen  0.22/turn              P - ring of stealth
MPRegen  0.14/turn              R - ring of poison resistance

@: stab, very slightly contaminated, very slow
A: small, mutation resistance 1
a: Bend Time, Temporal Distortion, Slouch, Step From Time, Renounce Religion


You were in a bailey.
You worshipped Cheibriados.
Cheibriados was extremely pleased with you.
You were not hungry.

You visited 2 branches of the dungeon, and saw 11 of its levels.
You also visited: Bailey.

You collected 753 gold pieces.

Inventory:

Hand Weapons
 a - a +1 hunting sling
 b - a +0 mace of holy wrath (weapon)
 Q - a +0 arbalest
 S - a +0 trident
 X - the +11 rapier "Douness" {vorpal, rF+, unknown}
   (You found it on level 9 of the Dungeon)

   It inflicts extra damage upon your enemies.
   It protects you from fire.
Missiles
 d - 67 stones
 n - 137 arrows
 q - 5 boomerangs (quivered)
 D - 46 poisoned darts
 K - 21 bolts
Armour
 e - a +0 helmet (worn)
 r - a +2 plate armour of cold resistance (worn)
 y - a +0 ring mail
 C - a +0 chain mail
 F - a +3 leather armour
 W - a +0 ring mail
Jewellery
 l - an amulet of reflection (around neck)
 P - a ring of stealth (left hand)
 R - a ring of poison resistance (right hand)
Wands
 p - a wand of iceblast (15)
 A - a wand of flame (34)
 T - a wand of polymorph (4)
 U - a wand of disintegration (8)
Scrolls
 i - 5 scrolls of remove curse
 j - a scroll of enchant weapon
 m - a scroll of noise {unknown}
 o - a scroll of amnesia {unknown}
 u - 2 scrolls of blinking
 w - 2 scrolls of teleportation
 G - 2 scrolls of random uselessness {unknown}
 M - a scroll of magic mapping {unknown}
 N - a scroll of fog {unknown}
 O - a scroll of enchant armour {unknown}
Potions
 f - a potion of magic
 g - 2 potions of berserk rage
 h - a potion of invisibility
 k - 3 potions of stabbing
 z - 4 potions of curing
 B - a potion of haste {unknown}
 E - a potion of might {unknown}
 H - 2 potions of resistance {unknown}
 I - a potion of flight {unknown}
Comestibles
 c - 12 rations
 v - 4 chunks of flesh


   Skills:
 + Level 7.5 Fighting
 + Level 15.4 Slings
 * Level 0.6 Armour
 - Level 6.0 Dodging
 - Level 5.2 Stealth
 - Level 1.5 Spellcasting
 - Level 0.7 Conjurations
 - Level 3.0 Air Magic
 + Level 5.7 Invocations
 - Level 2.0 Evocations


You had 10 spell levels left.
You knew the following spells:

 Your Spells              Type           Power        Failure   Level  Hunger
a - Shock                 Conj/Air       ##..         75%         1    #......
b - Swiftness             Chrm/Air       #.......     90%         2    ###....

Your spell library contained the following spells:

 Spells                   Type           Power        Failure   Level  Hunger
 Static Discharge         Conj/Air       ##......     98%         3    ###....
 Confusing Touch          Hex            #.......     100%        3    ###....
 Gell's Gravitas          Tloc           #.........   100%        3    ###....
 Airstrike                Air            ###.......   100%        4    #####..
 Petrify                  Tmut/Erth      #.......     100%        4    #####..
 Lightning Bolt           Conj/Air       ##........   100%        5    ######.
 Metabolic Englaciation   Hex/Ice        #.........   100%        5    ######.
 Yara's Violent Unravell  Hex/Tmut       #.........   100%        5    ######.


Dungeon Overview and Level Annotations

Branches:
Dungeon (10/15)            Temple (1/1) D:4            Lair (0/6) D:9
 Bailey (1/1)
    Orc: D:9-12

Altars:
Ashenzari
Cheibriados
Dithmenos
Elyvilon
Fedhas
Gozag
Hepliaklqana
Kikubaaqudgha
Makhleb
Nemelex Xobeh
Okawaru
Qazlal
Ru
Sif Muna
Trog
Vehumet
Wu Jian
Xom
Yredelemnul
Zin
The Shining One

Annotations:
D:2 1 runed translucent door, Crazy Yiuf
D:4 Dowan, Duvessa, Natasha
D:5 Menkaure, Sigmund
D:9 Erolcha


Innate Abilities, Weirdness & Mutations

You are small and have problems with some larger weapons.
You are somewhat resistant to further mutation.


Message History

The orc knight is heavily wounded.
The orc knight hits you with the cursed +0 great mace "Giutysog" {flame, Dex+4}!
The orc knight burns you.
The orc knight hits you but does no damage.
You catch the helpless orc knight completely off-guard!
You hit the orc knight.
The orc knight is heavily wounded.
The orc knight closely misses you.
You closely miss the orc knight.
The orc knight is heavily wounded.
You flicker back into view.
The orc knight hits you with the cursed +0 great mace "Giutysog" {flame, Dex+4}!
* * * LOW HITPOINT WARNING * * *
The orc knight burns you.
* * * LOW HITPOINT WARNING * * *
The orc knight closely misses you.
The orc knight hits you with the cursed +0 great mace "Giutysog" {flame, Dex+4}!
* * * LOW HITPOINT WARNING * * *
The orc knight burns you.
You die...

.......(.......
.......(.......
.....(..... ...(...
#.(.# ###)###
##.....## #...8o..#
#∩...@.∩# ##.....##
####'''####
##≈.......≈##
#####≈≈.......≈≈###
#^'.'≈≈.......≈≈'.
#.###≈≈.).....≈≈###
#.'((≈≈.......≈≈(.'
#.###≈≈.......≈≈###


You could see an orc knight.

Vanquished Creatures
  A two-headed ogre (D:10)
  4 hippogriffs
  A wyvern (D:9)
  3 yaks (D:10)
  2 hungry ghosts
  3 water moccasins
  3 porcupines (D:9)
  An eye of draining (D:9)
  3 orc warriors
  A sky beast (D:10)
  A black bear (D:9)
  5 ogres
  An ice beast (D:8)
  A phantom (D:6)
  2 necrophages
  A centaur (D:6)
  2 big kobolds
  4 bullfrogs
  Blork the orc (D:4)
  A scorpion (D:8)
  20 killer bees
  3 howler monkeys
  6 crimson imps
  2 bullfrog zombies
  11 hounds
  3 orc priests
  A jelly (D:5)
  4 orc wizards
  A bullfrog skeleton (D:4)
  A centaur skeleton (D:4)
  3 iguanas
  3 worker ants
  Ijyb (D:3)
  2 hound skeletons
  A howler monkey skeleton (D:6)
  A gnoll (Bailey)
  11 adders
  3 shadow imps
  An ooze (D:2)
  An adder zombie (D:5)
  2 worms
  3 dart slugs
  8 leopard geckos
  27 orcs
  9 bats
  9 giant cockroaches
  10 goblins
  6 hobgoblins
  7 jackals
  25 kobolds
  4 quokkas
  A ball python (D:2)
  6 frilled lizards
  9 rats
246 creatures vanquished.

Vanquished Creatures (others)
  6 fungi
  6 plants
12 creatures vanquished.

Grand Total: 258 creatures vanquished

Notes
Turn   | Place    | Note
-------+----------+-------------------------------------------
     0 | D:1      | LSt the Halfling Air Elementalist began the quest for the
                  | Orb.
     0 | D:1      | Reached XP level 1. HP: 11/11 MP: 3/3
    60 | D:1      | Reached skill level 1 in Fighting
   181 | D:1      | Reached XP level 2. HP: 18/18 MP: 1/4
   199 | D:1      | Learned a level 2 spell: Swiftness
   658 | D:1      | Reached XP level 3. HP: 23/24 MP: 3/5
  1962 | D:2      | Reached XP level 4. HP: 28/31 MP: 0/6
  2148 | D:2      | Found a runed translucent door.
  2149 | D:2      | Noticed Crazy Yiuf
  3490 | D:3      | Reached XP level 5. HP: 26/36 MP: 0/7
  3975 | D:3      | Found a shattered altar of Ashenzari.
  4023 | D:3      | Found a shadowy altar of Dithmenos.
  4182 | D:3      | Found a glowing silver altar of Zin.
  4310 | D:3      | Noticed Ijyb
  4588 | D:3      | Killed Ijyb
  5184 | D:4      | Noticed Dowan
  5349 | D:4      | You fall into a shaft and drop 2 floors!
  5413 | D:5      | Entered Level 5 of the Dungeon
  5479 | D:5      | Reached XP level 6. HP: 31/43 MP: 8/8
  5573 | D:5      | Noticed Menkaure
  5714 | D:4      | Noticed Natasha
  6116 | D:4      | Noticed Blork the orc
  6164 | D:4      | Found a sacrificial altar of Ru.
  6165 | D:4      | Noticed Duvessa
  6224 | D:4      | Reached skill level 1 in Evocations
  6425 | D:4      | Found a staircase to the Ecumenical Temple.
  6434 | Temple   | Entered the Ecumenical Temple
  6618 | Temple   | Became a worshipper of the Shining One
  6625 | Temple   | Fell from the grace of the Shining One
  6625 | Temple   | Became a worshipper of Cheibriados the Contemplative
  6959 | D:5      | Reached skill level 1 in Invocations
  6959 | D:5      | Reached XP level 7. HP: 36/49 MP: 2/9
  7712 | D:5      | Noticed Sigmund
  7738 | D:5      | Reached skill level 5 in Fighting
  8417 | D:6      | Reached XP level 8. HP: 36/57 MP: 3/10
  8709 | D:6      | Reached * piety under Cheibriados
  8725 | D:6      | Reached skill level 2 in Slings
  8893 | D:6      | Reached skill level 3 in Slings
  8992 | D:6      | Reached skill level 4 in Slings
  9120 | D:6      | Found a radiant altar of Vehumet.
  9136 | D:6      | Reached skill level 5 in Slings
  9153 | D:6      | Reached skill level 6 in Slings
  9571 | D:6      | Reached skill level 7 in Slings
 10339 | D:6      | Reached skill level 8 in Slings
 10339 | D:6      | Reached XP level 9. HP: 52/62 MP: 1/11
 10437 | D:6      | Found a basalt altar of Yredelemnul.
 10531 | D:4      | Killed Blork the orc
 10531 | D:4      | Reached skill level 9 in Slings
 10811 | D:7      | Reached ** piety under Cheibriados
 10837 | D:7      | You fall into a shaft and drop 2 floors!
 10868 | D:8      | Reached skill level 10 in Slings
 11189 | D:8      | Reached skill level 11 in Slings
 11653 | D:8      | Reached skill level 12 in Slings
 12212 | D:8      | Reached skill level 13 in Slings
 12217 | D:8      | Noticed a hippogriff
 12441 | D:8      | Killed a hippogriff
 12441 | D:8      | Reached XP level 10. HP: 60/67 MP: 10/12
 12502 | D:8      | Reached skill level 5 in Stealth
 12856 | D:7      | Reached *** piety under Cheibriados
 13279 | D:7      | Reached skill level 14 in Slings
 13400 | D:7      | Found a sparkling altar of Nemelex Xobeh.
 13920 | D:9      | Found a bloodstained altar of Trog.
 14097 | D:9      | Reached **** piety under Cheibriados
 14131 | D:9      | Reached skill level 5 in Dodging
 14302 | D:9      | Found a staircase to the Lair.
 14506 | D:9      | Got a blackened rapier
 14628 | D:9      | Noticed Erolcha
 14632 | D:10     | Entered Level 10 of the Dungeon
 14635 | D:10     | Found a flagged portal.
 14713 | D:10     | Reached XP level 11. HP: 67/74 MP: 11/14
 14737 | D:10     | Noticed a two-headed ogre
 14751 | D:10     | Killed a two-headed ogre
 14751 | D:10     | Reached skill level 15 in Slings
 14768 | D:10     | Reached skill level 5 in Invocations
 14778 | D:10     | Reached ***** piety under Cheibriados
 15039 | Bailey   | Entered a bailey
 15251 | Bailey   | Identified the cursed +0 great mace "Giutysog" {flame,
                  | Dex+4}
 15251 | Bailey   | Noticed an orc knight
 15279 | Bailey   | Slain by an orc knight

Illustrated notes

Levels and vault maps discovered:
D:1:      sevenhm_arrival_forest_fort_small_4, layout_basic,
          supply_closet_lemuel
D:2:      layout_basic, uniq_crazy_yiuf_cottage
D:3:      layout_loops_ring, zin_statuary, amethyst_overflow_temple_binary,
          first_ration, nrook_campfire, uniq_ijyb
D:4:      layout_loops_cross, nicolae_ru_awakened_eye,
          minmay_temple_entry_proselytizer, uniq_duvessa, uniq_blork_the_orc,
          uniq_natasha
D:5:      layout_loops_corners, kennysheep_mini_moat, minmay_lizard_king,
          uniq_menkaure, uniq_sigmund
D:6:      minmay_chambers_of_sixes, layout_gridville, hangedman_feature_mirror
D:7:      layout_cave_pools, basic_altar, serial_glass, glass_columns_b,
          glass_columns_a
D:8:      layout_loops_ring
D:9:      layout_rooms, old_standard_altar, grunt_lair_entry_orc_guard_hut,
          hangedman_ranch [blue_anna_fruit_fields], uniq_erolcha
D:10:     layout_basic, ebering_ghost_funeral_grove, serial_shops, shop,
          enter_bailey_1, basic_altar, st_stairs_1, uniq_joseph
Temple:   nicolae_temple_elliptical
Bailey:   bailey_axe_3, bailey

Skill      XL: |  1  2  3  4  5  6  7  8  9 10 11 |
---------------+----------------------------------+-----
Fighting       | 1 2 3 4 5 6 7 |  7.5
Dodging        | 3 6 |  6.0
Stealth        | 3 4 5 |  5.2
Evocations     | 1 2 |  2.0
Invocations    | 1 3 4 5 |  5.7
Slings         | 8 13 14 15 | 15.4
Armour         | |  0.6
Spellcasting   | |  1.5
Conjurations   | |  0.7
Air Magic      | |  3.0

Action                   |  1- 3 |  4- 6 |  7- 9 | 10-12 || total
-------------------------+-------+-------+-------+-------++-------
Melee: Club              |    96 |    53 |       |       ||   149
       Mace              |       |    66 |   196 |   138 ||   400
       Hand axe          |       |    20 |       |       ||    20
 Fire: Arbalest          |       |     1 |       |       ||     1
       Hunting sling     |       |       |   123 |   295 ||   418
Throw: Stone             |       |     1 |       |       ||     1
       Boomerang         |       |       |       |    11 ||    11
 Cast: Shock             |    38 |   102 |   186 |    61 ||   387
Invok: Bend Time         |       |       |     1 |     2 ||     3
Evoke: Wand              |       |       |     5 |     3 ||     8
  Use: Scroll            |       |     3 |     6 |     2 ||    11
       Potion            |       |     1 |     1 |     3 ||     5
 Stab: Sleeping          |     6 |     3 |     2 |     4 ||    15
       Distracted        |       |       |     1 |       ||     1
       Invisible         |       |       |       |     2 ||     2
  Eat: Chunk             |     4 |    14 |    10 |     5 ||    33
       Ration            |       |     2 |     2 |     2 ||     6
Armor: Robe              |    16 |     9 |       |       ||    25
       Leather armour    |       |    18 |    87 |    65 ||   170
       Plate armour      |       |       |       |     2 ||     2
Dodge: Dodged            |    87 |   151 |   358 |   261 ||   857
Block: Other             |       |       |    37 |    73 ||   110
       Reflection        |       |       |       |     1 ||     1
